 Dungeon Crawl Stone Soup version 0.25-a0-310-g60f0ac2d9a (webtiles) character file.

Game seed: 11855307145289650845, levelgen mode: classic

2036 Borgoz the Covered (level 9, -1/52 HPs)
             Began as a Gargoyle Berserker on Dec 24, 2019.
             Was a Priest of Trog.
             Blown up by Pikel (22 damage)
             ... with a disintegration bolt
             ... on level 4 of the Dungeon.
             The game lasted 00:08:42 (5896 turns).

Borgoz the Covered (Gargoyle Berserker)             Turns: 5896, Time: 00:08:42

Health: -1/52      AC: 15    Str: 21    XL:     9   Next: 24%
Magic:  0/9        EV: 14    Int:  8    God:    Trog [***...]
Gold:   144        SH:  0    Dex: 12    Spells: 8/8 levels left

rFire    . . .     SeeInvis .   q - +0 morningstar
rCold    + . .     Gourm    .   (no shield)
rNeg     + . .     Faith    .   u - +2 leather armour "Fejewaof" {rC+}
rPois    ∞         Spirit   +   (no helmet)
rElec    +         Reflect  .   a - scarf {Spirit}
rCorr    .         Harm     .   (no gloves)
MR       .....                  y - +2 pair of boots
Stlth    +.........             (no amulet)
HPRegen  0.17/turn              (no ring)
MPRegen  0.11/turn              (no ring)

@: confused, berserk cooldown, slowed, very slow
A: negative energy resistance 1, electricity resistance, unbreathing,
petrification resistance, rot immunity, AC +6
a: Berserk, Trog's Hand, Renounce Religion


You were on level 4 of the Dungeon.
You worshipped Trog.
Trog was most pleased with you.
You were hungry.

You visited 1 branch of the dungeon, and saw 7 of its levels.

You collected 279 gold pieces.
You spent 135 gold pieces at shops.

Inventory:

Hand Weapons
 o - a +4 war axe
 q - a +0 morningstar (weapon)
 w - a +2 vampiric great sword
Missiles
 p - 2 throwing nets (quivered)
Armour
 a - a scarf of spirit shield (worn)
 u - the +2 leather armour "Fejewaof" (worn) {rC+}
   (You found it on level 5 of the Dungeon)

   It protects you from cold.
 y - a +2 pair of boots (worn)
Wands
 b - a wand of flame (12)
 n - a wand of enslavement (7)
 x - a wand of iceblast (8)
Scrolls
 f - a scroll of amnesia {unknown}
 h - 2 scrolls of blinking {unknown}
 i - 2 scrolls of fear
 l - a scroll of teleportation {unknown}
 m - a scroll of enchant armour
 r - 2 scrolls of fog {unknown}
 v - a scroll of random uselessness {unknown}
Potions
 e - 2 potions of might
 g - a potion of flight {unknown}
 j - 2 potions of brilliance
 k - 5 potions of lignification
 s - 2 potions of magic {unknown}
Comestibles
 c - 9 rations


   Skills:
 + Level 3.9 Fighting
 - Level 0.1 Long Blades
 + Level 7.4 Maces & Flails
 + Level 7.6 Armour
 + Level 5.8 Dodging


You had 8 spell levels left.
You didn't know any spells.
Your spell library was empty.

Dungeon Overview and Level Annotations

Branches:
Dungeon (7/15)             Temple (0/1) D:5

Altars:
The Shining One

Shops:
D:5 [

Annotations:
D:4 Pikel


Innate Abilities, Weirdness & Mutations

You are resistant to torment.
Your stone body is resilient. (AC +6)
You are immune to poison.
You resist negative energy. (rN+)
You are resistant to electric shocks. (rElec)
You can survive without breathing.
You are immune to petrification.
You are immune to rotting.


Message History

You sock Pikel!
Pikel is heavily wounded.
Pikel misses you.
You sock Pikel!
Pikel is severely wounded.
You are no longer berserk.
You are exhausted.
You feel yourself slow down.
Pikel hits you with a +1 whip of freezing.
* * * LOW HITPOINT WARNING * * *
Pikel freezes you.
You are confused.
You feel invigorated.
Pikel zaps a wand.
You are blasted!
* * * LOW HITPOINT WARNING * * *
Pikel hits you with a +1 whip of freezing.
* * * LOW HITPOINT WARNING * * *
Pikel freezes you. Pikel barely misses you. Pikel hits you but does no damage.
Pikel zaps a wand.
You are blasted!
You die...

#...........# #............###...
#..#.#......###............# #..#
...#.#...........................
...###......###.....###....###...
...# #......# #.....# #....# #...
...# ######## #.....# ....# #...
...# ##.....# .. #... ...#
###......###.. ###... #..#
#....@........ ...... ...#
###.#...K..#### ...... ...#
#............# ..... ...#
#.#.#........# #... ..[#
#.#.#....=...# #... ####
#.#.#.>......# #. #...
#.#.#......#.# #.###...
######.#.#......#.# #.......
...........######.#.##......<


You could see Pikel.

Vanquished Creatures
  A water moccasin (D:5)
  2 phantoms
  4 slaves
  An ice beast (D:5)
  2 sky beasts (D:5)
  A necrophage (D:6)
  3 ogres
  A centaur (D:5)
  A wyvern zombie (D:7)
  A scorpion (D:5)
  3 wights (D:6)
  A howler monkey (D:5)
  5 crimson imps
  4 orc priests
  A hound (D:5)
  4 orc wizards
  An iguana (D:3)
  3 worker ants
  A howler monkey zombie (D:5)
  7 gnolls
  5 adders
  A howler monkey skeleton (D:4)
  2 shadow imps (D:5)
  4 oozes
  A worm (D:3)
  3 leopard geckos
  33 orcs
  A ball python (D:2)
  2 bats
  3 giant cockroaches
  4 goblins
  5 hobgoblins
  3 jackals (D:6)
  3 quokkas
  2 frilled lizards
  A jackal skeleton (D:6)
  7 kobolds
  A leopard gecko skeleton (D:4)
  A quokka skeleton (D:5)
  5 rats
134 creatures vanquished.

Notes
Turn   | Place    | Note
-------+----------+-------------------------------------------
     0 | D:1      | Borgoz the Gargoyle Berserker began the quest for the Orb.
     0 | D:1      | Reached XP level 1. HP: 14/14 MP: 1/1
   331 | D:1      | Reached XP level 2. HP: 18/19 MP: 2/2
   922 | D:2      | Reached XP level 3. HP: 18/23 MP: 3/3
  1328 | D:3      | Reached ** piety under Trog
  1348 | D:3      | Reached XP level 4. HP: 23/28 MP: 4/4
  1357 | D:3      | HP: 1/28 [orc priest (1)]
  1464 | D:3      | Reached XP level 5. HP: 12/32 MP: 5/5
  1770 | D:3      | Found a glowing golden altar of the Shining One.
  2262 | D:4      | Noticed a phantom
  2289 | D:4      | Killed a phantom
  2289 | D:4      | Reached XP level 6. HP: 17/37 MP: 6/6
  2818 | D:4      | Noticed a slave
  2818 | D:4      | Noticed a slave
  2819 | D:4      | Noticed Pikel
  2819 | D:4      | Noticed a slave
  2819 | D:4      | Noticed a slave
  2844 | D:5      | Entered Level 5 of the Dungeon
  2847 | D:5      | Killed a slave
  2851 | D:5      | Reached skill level 5 in Maces & Flails
  2851 | D:5      | Reached XP level 7. HP: 17/41 MP: 7/7
  3147 | D:5      | Found Tozoum's Armour Emporium.
  3150 | D:5      | Bought a scarf of spirit shield for 135 gold pieces
  3170 | D:5      | Reached skill level 5 in Armour
  3510 | D:5      | Reached XP level 8. HP: 38/46 MP: 5/8
  3602 | D:5      | Found a staircase to the Ecumenical Temple.
  3896 | D:5      | Reached *** piety under Trog
  3977 | D:5      | Reached skill level 5 in Dodging
  4376 | D:5      | Got a translucent leather armour
  4387 | D:5      | Identified the +2 leather armour "Fejewaof" {rC+} (You
                  | found it on level 5 of the Dungeon)
  4575 | D:6      | HP: 1/46 [wight/+4 war axe (8)]
  4661 | D:6      | Reached XP level 9. HP: 37/51 MP: 9/9
  5896 | D:4      | Blown up by Pikel

Levels and vault maps discovered:
D:1:      wander_arrival_lonely_grave, layout_loops_ring
D:2:      layout_basic
D:3:      layout_basic, tso_metal_star
D:4:      layout_basic, guppyfry_early_orc_mine, uniq_pikel
D:5:      layout_gridville, minmay_temple_entry_from_below_a, serial_shops,
          nicolae_shop_behind_doors, first_ration
D:6:      layout_basic
D:7:      layout_layer_cave

Skill      XL: |  1  2  3  4  5  6  7  8 |
---------------+-------------------------+-----
Dodging        | 2 3 4 5 |  5.8
Armour         | 3 4 5 7 |  7.6
Maces & Flails | 4 5 7 |  7.4
Fighting       | |  3.9
Long Blades    | |  0.1

Action                   |  1- 3 |  4- 6 |  7- 9 || total
-------------------------+-------+-------+-------++-------
Melee: Mace              |   105 |   129 |       ||   234
       Morningstar       |       |    15 |   344 ||   359
       Great sword       |       |       |    17 ||    17
Invok: Berserk           |     1 |     4 |     5 ||    10
       Trog's Hand       |       |     2 |     5 ||     7
  Use: Potion            |       |     3 |     2 ||     5
       Scroll            |       |       |     8 ||     8
  Eat: Chunk             |     2 |     9 |    13 ||    24
       Ration            |       |       |     1 ||     1
Armor: Animal skin       |    35 |    11 |       ||    46
       Ring mail         |       |    58 |    83 ||   141
       Leather armour    |       |       |    90 ||    90
Dodge: Dodged            |    89 |   135 |   303 ||   527
       Rpst.: Great sword |       |       |     6 ||     6

Table legend:
 A = Non-vault XP
 B = Vault XP
 C = Vault XP percentage of total XP
 D = Non-vault monster count
 E = Vault monster count
 F = Vault count percentage of total count
                 A         B        C        D         E       F
            +---------+---------+-------+---------+---------+-------
      Total |    2909 |       0 |   0.0 |     130 |       0 |   0.0
            +---------+---------+-------+---------+---------+-------
        D:1 |      19 |       0 |   0.0 |      12 |       0 |   0.0
        D:2 |      24 |       0 |   0.0 |       7 |       0 |   0.0
        D:3 |     266 |       0 |   0.0 |      35 |       0 |   0.0
        D:4 |     393 |       0 |   0.0 |      17 |       0 |   0.0
        D:5 |    1370 |       0 |   0.0 |      29 |       0 |   0.0
        D:6 |     749 |       0 |   0.0 |      28 |       0 |   0.0
        D:7 |      88 |       0 |   0.0 |       2 |       0 |   0.0
            +---------+---------+-------+---------+---------+-------
